 Dungeon Crawl Stone Soup version 0.31-a0-276-ge00219d475 (webtiles) character file.

Game seed: 6859339844595411264

704 AIAndy the Changeling (level 7, -1/62 HPs)
             Began as a Troll Shapeshifter on July 15, 2023.
             Slain by a sleepcap (20 damage)
             ... on level 6 of the Dungeon.
             The game lasted 00:09:43 (3137 turns).

AIAndy the Changeling (Troll Shapeshifter)          Turns: 3137, Time: 00:09:43

Health: -1/62      AC:  4    Str: 26    XL:     7   Next: 39%
Magic:  6/6        EV:  1    Int:  4    God:
Gold:   258        SH:  0    Dex: 10    Spells: 6/6 levels left

rFire   . .          .
                       - Unarmed
rCold   . . .        (no shield)
rNeg    . . .        a - +0 animal skin
rPois   +            (helmet currently unavailable)
rElec   .            (cloak currently unavailable)
rCorr   .            (gloves unavailable)
SInv    .            (boots unavailable)
Will    +....        (no amulet)
Stlth   +            P - ring of poison resistance
HPRegen 1.10/turn    g - ring of willpower
MPRegen 0.10/turn

%: no passive effects
@: beast-form, sleeping
A: beast (slay +4), large, unfitting armour, claws 3, regeneration 1, shaggy fur
1, tough skin 1
a: Begin Untransformation


You were on level 6 of the Dungeon.
You were a hulking beast.
You visited 1 branch of the dungeon, and saw 6 of its levels.

You collected 288 gold pieces.
You spent 30 gold pieces at shops.


Innate Abilities, Weirdness & Mutations

You are a hulking beast.
Your limbs bulge with bestial killing power. (Slay +4)
You are too large for most types of armour.
You have claws for hands.
Your natural rate of healing is unusually fast.
You are covered in fur. (AC +1)
You have tough skin. (AC +1)


   Skills:
 - Level 1.5 Fighting
 - Level 1.5 Dodging
 - Level 5.7 Unarmed Combat
 + Level 5.9 Shapeshifting


You had 6 spell levels left.
You didn't know any spells.
Your spell library was empty.

Inventory:

Missiles
 h - 4 poisoned darts (quivered)
 j - 4 javelins
 l - 4 silver boomerangs
Armour
 a - a +0 animal skin (worn)
 r - a +0 cloak
Jewellery
 g - a ring of willpower (right claw)
 s - a ring of willpower
 P - a ring of poison resistance (left claw)
 R - a ring of resist corrosion
Talismans
 c - a beast talisman
 t - a serpent talisman
Scrolls
 e - a scroll of amnesia {unknown}
 k - a scroll of revelation {unknown}
 n - 3 scrolls of identify {unknown}
 o - 2 scrolls of silence {unknown}
 p - a scroll of teleportation {unknown}
 q - 2 scrolls of immolation {unknown}
Potions
 b - a potion of lignification {!q}
 d - 6 potions of curing {@q1}
 f - 3 potions of mutation {unknown}
 i - 4 potions of heal wounds {unknown}
 m - a potion of enlightenment {unknown}

Dungeon Overview and Level Annotations

Branches:
Dungeon (6/15)
 Temple: D:4-7

Altars:
Dithmenos
Fedhas

Shops:
D:1 !

Annotations:
D:3 Sigmund
D:5 Edmund

.. ...
...###+#####
...........#
...........#
.......$...#
.......)...#
......fh<..#
...#########


You could see a sleepcap.


Message History

The ogre hits you with a +0 giant spiked club!!
* * * LOW HITPOINT WARNING * * *
The orc completely misses you.
You climb downwards.
Found 11 gold pieces.
There is a stone staircase leading up here.
You are too injured to fight recklessly!
You claw the ogre!
The ogre is heavily wounded.
You claw the ogre!
The ogre is almost dead.
The ogre hits you with a +0 giant spiked club!
* * * LOW HITPOINT WARNING * * *
You mangle the ogre!!
You kill the ogre!
The sleepcap releases spores at you.
* * * LOW HITPOINT WARNING * * *
You scratch the sleepcap but do no damage.
You claw the sleepcap.
The sleepcap is lightly damaged.
The sleepcap closely misses you.
You scratch the sleepcap but do no damage.
The sleepcap is lightly damaged.
The sleepcap releases spores at you.
* * * LOW HITPOINT WARNING * * *
You are engulfed in a cloud of soporific spores!
You fall asleep.
The sleepcap releases spores at you but does no damage. x2
The sleepcap releases spores at you!!
You die...

Skill      XL: |  1  2  3  4  5  6 |
---------------+-------------------+-----
Unarmed Combat | 3 4 5 |  5.7
Shapeshifting  | 4 5 |  5.9
Fighting       | |  1.5
Dodging        | |  1.5

Action                     |  1- 3 |  4- 6 |  7- 9 || total
---------------------------+-------+-------+-------++-------
  Melee: Unarmed           |    99 |   145 |    20 ||   264
         Punch             |       |     2 |     1 ||     3
  Throw: Dart              |     6 |       |     2 ||     8
   Stab: Sleeping          |       |     2 |       ||     2
 Armour: Animal skin       |    35 |    50 |     6 ||    91
  Dodge: Dodged            |    42 |    73 |    11 ||   126

Levels and vault maps discovered:
D:1:      kilobyte_arrival_exit_the_forest, layout_basic, serial_shops,
          nicolae_shop_stone
D:2:      layout_rooms, uniq_robin
D:3:      layout_basic, mainiacjoe_overflow_catwalk,
          mainiacjoe_overflow_concentric_impassable, uniq_sigmund
D:4:      layout_loops_corners
D:5:      layout_cave_pools, kennysheep_okawaru_gauntlet,
          pf_guarded_unrand_meek, uniq_grinder, uniq_edmund
D:6:      layout_gridville, minmay_temple_entry_junction,
          hangedman_decor_growths, grunt_ministairs_14

Notes
Turn   | Place    | Note
-------+----------+-------------------------------------------
     0 | D:1      | AIAndy the Troll Shapeshifter began the quest for the Orb.
     0 | D:1      | Reached XP level 1. HP: 19/19 MP: 0/0
   249 | D:1      | Reached XP level 2. HP: 22/27 MP: 1/1
   515 | D:1      | Reached XP level 3. HP: 33/33 MP: 2/2
   613 | D:1      | Found Kyodyorgh's Distillery.
   636 | D:1      | Bought a potion of curing for 30 gold pieces
   997 | D:2      | Reached skill level 3 in Unarmed Combat
  1023 | D:2      | Noticed Robin
  1031 | D:2      | Killed Robin
  1078 | D:2      | Reached XP level 4. HP: 41/41 MP: 3/3
  1598 | D:3      | Found a blossoming altar of Fedhas.
  1646 | D:3      | Found a shadowy altar of Dithmenos.
  1677 | D:3      | Reached skill level 4 in Shapeshifting
  2053 | D:3      | Noticed Sigmund
  2199 | D:4      | Reached skill level 4 in Unarmed Combat
  2199 | D:4      | Reached XP level 5. HP: 31/48 MP: 4/4
  2430 | D:4      | Reached XP level 6. HP: 29/55 MP: 5/5
  2753 | D:4      | Reached skill level 5 in Unarmed Combat
  2757 | D:4      | Reached skill level 5 in Shapeshifting
  2989 | D:5      | Entered Level 5 of the Dungeon
  2992 | D:5      | Noticed Edmund
  3032 | D:5      | Reached XP level 7. HP: 59/62 MP: 6/6
  3137 | D:6      | Slain by a sleepcap

Vanquished Creatures
  An ogre (D:6)
  A scorpion (D:4)
  A howler monkey (D:5)
  3 hounds
  An orc priest (D:4)
  3 iguanas
  2 sleepcaps
  3 orc wizards
  Robin (D:2)
  7 adders
  An ufetubus (D:4)
  2 worms (D:2)
  7 orcs
  12 ball pythons
  6 endoplasms
  A giant cockroach (D:3)
  13 goblins
  9 hobgoblins
  8 jackals
  10 kobolds
  10 quokkas
  5 bats
  3 frilled lizards
  6 rats
116 creatures vanquished.

Table legend: (Time is in decaauts)
 A = Elapsed time spent in this place.
 B = Non-inter-level travel time spent in this place.
 C = Inter-level travel time spent in this place.
 D = Time resting spent in this place.
 E = Time spent auto-exploring this place.
 F = Levels seen in this place.
 G = Mean time per level.
                   A        B        C        D        E       F      G
               +--------+--------+--------+--------+--------+-----+--------+
         Total |   3115 |   2919 |    196 |     32 |   2228 |   6 |  519.2 |
       Dungeon |   3115 |   2919 |    196 |     32 |   2228 |   6 |  519.2 |
               +--------+--------+--------+--------+--------+-----+--------+

Top non-repeatable levels by time:
     D:1: 978 daAuts
     D:4: 906 daAuts
     D:3: 596 daAuts
     D:2: 506 daAuts
     D:5: 119 daAuts
     D:6: 8 daAuts

Table legend:
 A = Non-vault XP
 B = Vault XP
 C = Vault XP percentage of total XP
 D = Non-vault monster count
 E = Vault monster count
 F = Vault count percentage of total count
                 A         B        C        D         E       F
            +---------+---------+-------+---------+---------+-------
      Total |     968 |      38 |   3.8 |     103 |      13 |  11.2
            +---------+---------+-------+---------+---------+-------
        D:1 |      52 |       0 |   0.0 |      31 |       0 |   0.0
        D:2 |      38 |      38 |  50.0 |      18 |      13 |  41.9
        D:3 |      37 |       0 |   0.0 |      17 |       0 |   0.0
        D:4 |     411 |       0 |   0.0 |      25 |       0 |   0.0
        D:5 |     314 |       0 |   0.0 |      11 |       0 |   0.0
        D:6 |     116 |       0 |   0.0 |       1 |       0 |   0.0
            +---------+---------+-------+---------+---------+-------
